 Dungeon Crawl Stone Soup version 0.31-a0-1009-g454b1f1e0a (webtiles) character file.

Game seed: 13374677056346620834

9 senseless the Changeling (level 2, 0/12 HPs)
             Began as a Felid Shapeshifter on Nov 13, 2023.
             Slain by a frilled lizard (1 damage)
             ... on level 1 of the Dungeon.
             The game lasted 00:00:23 (96 turns).

senseless the Changeling (Felid Shapeshifter)         Turns: 96, Time: 00:00:23

Health: 0/12       AC:  1    Str: 10    XL:     2   Next: 3%
Magic:  3/3        EV: 17    Int: 11    God:
Gold:   0          SH:  0    Dex: 15    Spells: 1/1 levels left
                                        Lives:  0   Deaths: 1

rFire   . .          .
                       - Unarmed
rCold   . . .        (shield unavailable)
rNeg    . . .        (body armour unavailable)
rPois   .            (helmet unavailable)
rElec   .            (cloak unavailable)
rCorr   .            (gloves unavailable)
SInv    +            (boots unavailable)
Will    .....        (no amulet)
Stlth   +            (no ring)
HPRegen 0.22/turn    (no ring)
MPRegen 0.08/turn

%: no passive effects
@: beast-form, quick
A: beast (slay +1), very small, claws 1, fangs 3, see invisible, speed 1, shaggy
fur 1, stealthy paws, no weapons or thrown items, no armour, multi-lived
a: Begin Untransformation


You were on level 1 of the Dungeon.
You were a hulking beast.
You visited 1 branch of the dungeon, and saw 1 of its levels.

Inventory:

Talismans
 b - a beast talisman
 c - a flux talisman
Scrolls
 e - a scroll of fog {unknown}
Potions
 a - a potion of lignification
 d - a potion of curing {unknown}


   Skills:
 + Level 1.3 Fighting
 + Level 3.0 Dodging
 + Level 3.1 Unarmed Combat
 + Level 3.4 Shapeshifting


You had one spell level left.
You didn't know any spells.
Your spell library was empty.

Dungeon Overview and Level Annotations

Branches:
Dungeon (1/15)

Altars:


Innate Abilities, Weirdness & Mutations

You are a hulking beast.
Your limbs bulge with bestial killing power. (Slay +1)
You have sharp claws.
You have razor-sharp teeth.
You have supernaturally acute eyesight. (SInv)
You cover ground quickly. (Speed+)
You are covered in fur. (AC +1)
Your paws help you pounce on unaware monsters.
You are incapable of wielding weapons or throwing items.
You cannot wear armour.
You gain extra lives every three experience levels.


Message History

The bat closely misses you. The bat misses you.
Things that are here:
a +0 club; a kobold corpse You closely miss the bat.
Your bite misses the bat.
The bat is heavily wounded.
The bat misses you.
You scratch the quokka but do no damage.
The quokka is moderately wounded.
The bat misses you. The quokka bites you. The bat closely misses you.
The giant cockroach bites you. The quokka misses you.
You scratch the bat.
You kill the bat!
The quokka closely misses you. The giant cockroach misses you.
The quokka barely misses you. x2
Your Dodging skill increases to level 3!
You miss the quokka.
The quokka is moderately wounded.
The giant cockroach closely misses you. The quokka misses you.
The quokka closely misses you.
You barely miss the quokka.
The quokka is moderately wounded.
The goblin barely misses you.
The giant cockroach bites you but does no damage.
The quokka barely misses you. The quokka closely misses you.
You claw the quokka!
You kill the quokka!
The goblin hits you with a +0 dagger. The giant cockroach misses you.
The quokka closely misses you.
You have reached level 2!
You are too injured to fight recklessly!
You miss the goblin. The giant cockroach bites you.
The goblin hits you with a +0 dagger.
* * * LOW HITPOINT WARNING * * *
The quokka bites you.
* * * LOW HITPOINT WARNING * * *
You scratch the goblin. Your bite misses the goblin.
The goblin is severely wounded.
The giant cockroach closely misses you. The frilled lizard bites you.
You die...

...................#
.....................#
.....................#
............[.....†..#
...............>.....##
......................##
.................####...
.##...glB........## #...
......rh..........# ##..
..#.............#.# #...
...............##+###'##
.#.............#..)#...#
#.............#.>.#...#
#............##...#...#
...............#.>.#.<.#
##.............#...#...#
#.............#.>.#...#


You could see a quokka, a giant cockroach, a goblin and a frilled lizard.

Vanquished Creatures
  A ball python (D:1)
  A bat (D:1)
  2 endoplasms (D:1)
  A giant cockroach (D:1)
  A quokka (D:1)
  A kobold (D:1)
7 creatures vanquished.

Notes
Turn   | Place    | Note
-------+----------+-------------------------------------------
     0 | D:1      | senseless the Felid Shapeshifter began the quest for the
                  | Orb.
     0 | D:1      | Reached XP level 1. HP: 9/9 MP: 2/2
    77 | D:1      | Slain by a quokka
    95 | D:1      | Reached XP level 2. HP: 5/12 MP: 3/3
    96 | D:1      | Slain by a frilled lizard

Illustrated notes

Levels and vault maps discovered:
D:1:      minmay_arrival_up_and_down, layout_rooms, minmay_domino_2

Skill      XL: |  1 |
---------------+----+-----
Dodging        | 3 |  3.0
Fighting       | |  1.3
Unarmed Combat | |  3.1
Shapeshifting  | |  3.4

Action                     || total
---------------------------++-------
  Melee: Unarmed           ||    23
         Bite              ||     2
 Armour: Skin              ||    17
  Dodge: Dodged            ||    30

Table legend: (Time is in decaauts)
 A = Elapsed time spent in this place.
 B = Non-inter-level travel time spent in this place.
 C = Inter-level travel time spent in this place.
 D = Time resting spent in this place.
 E = Time spent auto-exploring this place.
 F = Levels seen in this place.
 G = Mean time per level.
                   A        B        C        D        E       F      G
               +--------+--------+--------+--------+--------+-----+--------+
         Total |     85 |     85 |      0 |      0 |     37 |   1 |   85.0 |
       Dungeon |     85 |     85 |      0 |      0 |     37 |   1 |   85.0 |
               +--------+--------+--------+--------+--------+-----+--------+

Top non-repeatable levels by time:
     D:1: 85 daAuts
